 Dungeon Crawl Stone Soup version 0.29.0-11-gd7f09526c8 (webtiles) character file.

Game seed: 8604077729911259842

3716 ILmort the Spear-Bearer (level 9, -3/64 HPs)
             Began as a Demonspawn Fighter on Sept 5, 2022.
             Was a Believer of Hepliaklqana.
             Killed by an exploding wyvern (15 damage)
             ... ignited by their inner flame
             ... on level 9 of the Dungeon.
             The game lasted 00:16:46 (6743 turns).

ILmort the Spear-Bearer (Demonspawn Fighter)        Turns: 6743, Time: 00:16:46

Health: -3/64      AC: 13    Str: 22    XL:     9   Next: 91%
Magic:  12/12      EV: 12    Int:  6    God:    Hepliaklqana [**....]
Gold:   547        SH:  5    Dex: 18    Spells: 8/8 levels left

rFire   . . .      SeeInvis +   q - +6 spear "Zihilarch" {elec, Will+++ Int-3 Stlth+}
rCold   . . .      Faith    .   c - +0 buckler
rNeg    . . .      Spirit   .   b - +0 scale mail
rPois   .          Reflect  .   P - +1 helmet
rElec   .          Harm     .   (no cloak)
rCorr   .          Rampage  .   E - +0 pair of gloves
Will    +++..                   d - +1 pair of boots
Stlth   +.........              D - amulet of regeneration
HPRegen 1.00/turn               A - +6 ring of dexterity
MPRegen 0.13/turn               I - ring of see invisible

@: marked
A: reduced essence, hooves 1, repulsion field 2, ignite blood 1, spiny 1
a: Renounce Religion, Recall Ancestor, Ancestor Identity


You were on level 9 of the Dungeon.
You worshipped Hepliaklqana.
Hepliaklqana was pleased with you.
You visited 2 branches of the dungeon, and saw 10 of its levels.

You collected 547 gold pieces.

Inventory:

Hand Weapons
 a - a +0 flail
 p - a +2 whip of draining
 q - the +6 spear "Zihilarch" (weapon) {elec, Will+++ Int-3 Stlth+}
   (You found it on level 3 of the Dungeon)

   It occasionally discharges a powerful burst of electricity upon striking a
   foe.
   Int:       It affects your intelligence (-3).
   Will:      It greatly increases your willpower.
   Stlth:     It makes you more stealthy.
 R - a +0 morningstar
Missiles
 g - 16 poisoned darts (quivered)
 z - 2 throwing nets
 K - 2 javelins
Armour
 b - a +0 scale mail (worn)
 c - a +0 buckler (worn)
 d - a +1 pair of boots (worn)
 i - a +2 hat
 E - a +0 pair of gloves (worn)
 P - a +1 helmet (worn)
Jewellery
 k - an amulet of magic regeneration
 o - a ring of wizardry
 x - a ring of ice
 A - a +6 ring of dexterity (left hand)
 D - an amulet of regeneration (around neck)
 F - a ring of ice
 I - a ring of see invisible (right hand)
 N - a ring of protection from fire
Wands
 G - a wand of polymorph (12)
Scrolls
 h - 2 scrolls of fear {unknown}
 j - 4 scrolls of enchant armour {unknown}
 l - a scroll of magic mapping {unknown}
 n - 8 scrolls of identify {unknown}
 r - a scroll of poison {unknown}
 s - a scroll of brand weapon {unknown}
 u - a scroll of noise {unknown}
 w - 3 scrolls of enchant weapon {unknown}
 y - 2 scrolls of vulnerability {unknown}
 H - a scroll of torment {unknown}
 M - 2 scrolls of teleportation {unknown}
Potions
 e - 8 potions of curing {unknown}
 m - 2 potions of magic {unknown}
 t - 3 potions of degeneration {unknown}
 v - a potion of haste {unknown}
 B - 2 potions of flight {unknown}
 C - 3 potions of heal wounds {unknown}
 J - 2 potions of attraction {unknown}
 L - a potion of cancellation {unknown}
 O - a potion of resistance {unknown}
 Q - a potion of lignification {unknown}


   Skills:
 + Level 7.6 Fighting
 - Level 1.7 Maces & Flails
 * Level 8.1 Polearms
 + Level 6.9 Armour
 - Level 4.0 Shields
 + Level 5.1 Invocations


You had 8 spell levels left.
You didn't know any spells.
Your spell library contained the following spells:

 Spells                   Type           Power      Damage    Failure   Level
 Apportation              Tloc           0%         N/A       83%         1
 Necrotise                Necr           0%         1d4       83%         1
 Summon Small Mammal      Summ           0%         N/A       83%         1
 Animate Dead             Necr           0%         N/A       100%        4
 Haunt                    Necr/Summ      0%         N/A       100%        7
 Infestation              Necr           0%         N/A       100%        8


Dungeon Overview and Level Annotations

Branches:
Dungeon (9/15)             Temple (1/1) D:6            Lair (0/5) D:8
    Orc: D:9-12

Altars:
Ashenzari
Cheibriados
Dithmenos
Fedhas
Gozag
Hepliaklqana
Kikubaaqudgha
Makhleb
Nemelex Xobeh
Okawaru
Qazlal
Ru
Sif Muna
Trog
Uskayaw
Vehumet
Wu Jian
Xom
Yredelemnul

Annotations:
D:7 2 transporters, Mandevil's ghost, novice TrEE


Innate Abilities, Weirdness & Mutations

Your life essence is reduced to manifest your ancestor. (-10% HP)
You have large cloven feet.
You are surrounded by a moderate repulsion field. (EV +3)
Your demonic aura sometimes causes spilled blood to erupt in flames.
You are partially covered in sharp spines.


Message History

Lightning courses through the orc warrior!
The orc warrior hits you with a +0 long sword!
* * * LOW HITPOINT WARNING * * *
You hit the orc warrior but do no damage.
Lightning courses through the orc warrior!!
You kill the orc warrior!
Korleg hits the orc with a +0 flail!
The orc dies!
An orc wizard comes into view. It is wielding a +0 dagger.
An orc warrior comes into view. It is wielding a +0 long sword.
Korleg hits the orc with a +0 flail!
The orc dies!
Items here: )) [ †.
An orc comes into view. It is wielding a +0 club.
Korleg hits the wyvern with a +0 flail!
An orc comes into view. It is wielding a +0 whip.
You block the orc's attack.
You puncture the orc warrior!
Lightning courses through the orc warrior!
The wyvern barely misses you.
Korleg hits the wyvern but does no damage.
Okay, then.
As you read the scroll labelled KISTRI FARR, it crumbles to dust.
The creatures around you are filled with an inner flame!
It was a scroll of immolation.
The wyvern is struck by your spines.
Flame seeps out of the wyvern.
The wyvern bites you.
* * * LOW HITPOINT WARNING * * *
The orc hits you from afar with a +0 trident.
* * * LOW HITPOINT WARNING * * *
An orc warrior comes into view. It is wielding a +0 war axe.
The orc warrior is engulfed in blazing flames.
Flame seeps out of the orc warrior.
The orc warrior barely misses you.
An orc comes into view. It is wielding a +0 club.
Korleg misses the wyvern.
The orc warrior attacks as you move away!
You block the orc warrior's attack.
The wyvern is engulfed in blazing flames.
The wyvern explodes!
The fiery explosion engulfs you!
You die...

###
######################..
#..........#...##......#
#............#.##.######
#..........###....##
#......@°§.oo......#
#...))o○○§)#...###.....
#...<).o§R.###.# ###..#
#.oo>o..)..# #..# ##
#.o..o.......# .....
#.############ ###... #
##.. ##


You could see the friendly Korleg the knight (inner flame), 3 orc warriors, an
orc wizard (inner flame) and 5 orcs.

Vanquished Creatures
  Grinder (D:3)
  A wyvern (D:9)
  Edmund (D:4)
  An acid dragon (D:9)
  4 orc warriors
  2 sky beasts
  An ice beast (D:6)
  2 ogres
  2 centaurs
  A gnoll sergeant (D:9)
  3 necrophages
  A scorpion (D:4)
  5 wights (D:8)
  9 killer bees (D:8)
  A howler monkey (D:5)
  2 hounds (D:5)
  5 orc priests
  2 jellies
  2 gnoll boudas
  2 iguanas
  9 orc wizards
  Robin (D:3)
  10 adders
  12 gnolls
  A white imp (D:6)
  6 dart slugs
  25 orcs
  8 ball pythons
  6 bats
  9 endoplasms
  8 giant cockroaches
  19 goblins
  11 hobgoblins
  6 jackals
  A quokka (D:4)
  4 frilled lizards
  3 kobolds
  7 rats
194 creatures vanquished.

Vanquished Creatures (collateral kills)
  A centaur (D:9)
  2 wights (D:8)
  A killer bee (D:8)
  2 jellies
  An orc priest (D:8)
  A gnoll (D:9)
  4 orcs
12 creatures vanquished.

Vanquished Creatures (others)
  An ancestor (D:8)
  4 demonic plants (D:9)
5 creatures vanquished.

Grand Total: 211 creatures vanquished

Notes
Turn   | Place    | Note
-------+----------+-------------------------------------------
     0 | D:1      | ILmort the Demonspawn Fighter began the quest for the Orb.
     0 | D:1      | Reached XP level 1. HP: 18/18 MP: 1/1
   154 | D:1      | Gained mutation: You are partially covered in sharp spines.
                  | [demonic ancestry]
   154 | D:1      | Reached XP level 2. HP: 22/24 MP: 2/2
   834 | D:2      | Gained mutation: You are surrounded by a mild repulsion
                  | field. (EV +2) [demonic ancestry]
   834 | D:2      | Reached XP level 3. HP: 23/29 MP: 3/3
   867 | D:2      | Found a faded altar of an unknown god.
   885 | D:2      | Noticed Robin
   989 | D:3      | Killed Robin
  1056 | D:2      | Gained mutation: You have large cloven feet. [demonic
                  | ancestry]
  1056 | D:2      | Reached XP level 4. HP: 35/37 MP: 4/4
  1130 | D:2      | Identified the +7 dagger of Dohad {elec, +Blink Dex+3}
  1650 | D:3      | Identified the +6 spear "Zihilarch" {elec, Will+++ Int-3
                  | Stlth+}
  1720 | D:3      | Gained mutation: Your demonic aura sometimes causes spilled
                  | blood to erupt in flames. [demonic ancestry]
  1720 | D:3      | Reached XP level 5. HP: 32/42 MP: 5/5
  1852 | D:3      | Noticed Grinder
  1870 | D:3      | Killed Grinder
  1871 | D:3      | Reached skill level 2 in Polearms
  1871 | D:3      | Gained mutation: You are surrounded by a moderate repulsion
                  | field. (EV +3) [demonic ancestry]
  1871 | D:3      | Reached XP level 6. HP: 44/49 MP: 6/6
  2038 | D:3      | You fall into a shaft and drop 1 floor!
  2324 | D:4      | Noticed Edmund
  2332 | D:4      | Killed Edmund
  2599 | D:4      | Reached skill level 5 in Fighting
  2599 | D:4      | Reached skill level 3 in Polearms
  2599 | D:4      | Reached XP level 7. HP: 53/56 MP: 7/7
  3494 | D:4      | Reached skill level 4 in Polearms
  3888 | D:5      | Entered Level 5 of the Dungeon
  3929 | D:5      | Noticed a yak
  4019 | D:5      | Reached skill level 5 in Armour
  4177 | D:5      | Reached XP level 8. HP: 63/63 MP: 8/8
  4288 | D:5      | Reached skill level 5 in Polearms
  4597 | D:6      | Found a staircase to the Ecumenical Temple.
  4631 | Temple   | Entered the Ecumenical Temple
  4639 | Temple   | Became a worshipper of Hepliaklqana the Forgotten
  5213 | D:6      | Reached skill level 6 in Polearms
  5291 | D:7      | Reached * piety under Hepliaklqana
  5489 | D:7      | Reached skill level 1 in Invocations
  5656 | D:7      | Noticed Mandevil's ghost (novice TrEE)
  5675 | D:7      | Found a transporter.
  5688 | D:7      | Identified the -1 kite shield "Disch" {Harm}
  5741 | D:7      | Found a transporter.
  5807 | D:8      | Reached XP level 9. HP: 56/63 MP: 10/10
  5946 | D:8      | Found a basalt altar of Yredelemnul.
  6051 | D:8      | Reached skill level 7 in Polearms
  6076 | D:8      | Found an iron altar of Okawaru.
  6086 | D:8      | Found an ornate altar of the Wu Jian Council.
  6137 | D:8      | Reached ** piety under Hepliaklqana
  6138 | D:8      | Remembered your ancestor Korleg as a knight
  6261 | D:8      | Found a staircase to the Lair.
  6285 | D:8      | Found the +6 shillelagh "Devastator" {shatter}
  6383 | D:8      | Found a burning altar of Makhleb.
  6693 | D:9      | Reached skill level 8 in Polearms
  6693 | D:9      | Reached skill level 5 in Invocations
  6743 | D:9      | Killed by an exploding wyvern... ignited by their inner
                  | flame

Illustrated notes

Levels and vault maps discovered:
D:1:      sevenhm_arrival_forest_fort_large_4, layout_basic,
          minmay_tree_intersection, chequers_serial_rivers_large_a
D:2:      kennysheep_the_goblin_king, layout_rooms,
          hellmonk_ecumenical_altar_pennies_from_heaven,
          minmay_worlds_worst_comb, uniq_robin
D:3:      layout_basic, serial_curves, eino_curves_03, eino_curves_02,
          uniq_grinder
D:4:      layout_basic, uniq_edmund
D:5:      cheibrodos_helix_gallery, layout_loops_ring, lightli_corner_chamber
D:6:      layout_basic, minmay_temple_entry_waves
D:7:      layout_basic, gammafunk_ghost_gnarly_gnolls
D:8:      layout_cave_pods, mainiacjoe_overflow_boulevard,
          nicolae_overflow_crystal_walls, mainiacjoe_overflow_catwalk_spiral,
          lair_entry_dummy
D:9:      layout_rooms, dreamdust_princess_corridor, grunt_ministairs_11,
          nrook_mini_backslash, uniq_psyche, uniq_joseph
Temple:   dpeg_three_leaves_temple

Skill      XL: |  1  2  3  4  5  6  7  8  9 |
---------------+----------------------------+-----
Armour         | 3 4 5 6 |  6.9
Shields        | 3 4 |  4.0
Fighting       | 4 5 6 7 |  7.6
Polearms       | 2 3 4 6 8 |  8.1
Invocations    | 2 5 |  5.1
Maces & Flails | |  1.7

Action                   |  1- 3 |  4- 6 |  7- 9 || total
-------------------------+-------+-------+-------++-------
Melee: Flail             |    75 |    35 |       ||   110
       Whip              |       |    21 |       ||    21
       Kick              |       |    12 |       ||    12
       Spear             |       |    42 |   272 ||   314
Throw: Dart              |       |       |     1 ||     1
Invok: Ancestor Identity |       |       |     1 ||     1
       Ancestor Life: Kn |       |       |     1 ||     1
  Use: Potion            |       |     1 |       ||     1
       Scroll            |       |       |     1 ||     1
 Stab: Sleeping          |       |       |     3 ||     3
       Distracted        |       |       |     3 ||     3
Armor: Scale mail        |    35 |    39 |    50 ||   124
Dodge: Dodged            |    27 |    40 |    83 ||   150
Block: Buckler           |    18 |    16 |    33 ||    67
